| TOP OF THE 1ST |
|
Washington State University Cougars batting - Pitching for University of Michigan Wolverines : RHP Aaron Frey
|
|
Pitching: RHP Aaron Frey
|
|
|
Batting: LHB Randolph Brodbeck
|
0-0: SINGLE (Flyball, 78S, EV 95.6 MPH)
|
|
Batting: RHB Noe Oliva
|
0-0: Swinging Strike 0-1: 2-RUN HOME RUN (Flyball, 7D, EV 100.6 MPH), Distance : 409 ft
|
|
Batting: RHB Jon Chatman
|
0-0: Swinging Strike 0-1: Ball 1-1: Ball 2-1: Ground out 5-3 (Groundball, 5S, EV 88.1 MPH)
|
|
Batting: RHB Miguel Pacheco
|
0-0: Ball 1-0: Foul Ball, location: 2F 1-1: Fly out, F8 (Flyball, 8LD, EV 102.5 MPH)
|
|
Batting: LHB Jeremy Rideout
|
0-0: Ball 1-0: Fly out, F8 (Line Drive, 8RD, EV 101.2 MPH)
|
| Top of the 1st over - 2 runs, 2 hits, 0 errors, 0 left on base; Washington State University 2 - University of Michigan 0 |
| BOTTOM OF THE 1ST |
|
University of Michigan Wolverines batting - Pitching for Washington State University Cougars : RHP Tom Gordam
|
|
Pitching: RHP Tom Gordam
|
|
|
Batting: LHB Tony Olvera
|
0-0: Called Strike 0-1: Ground out 4-3 (Groundball, 4, EV 103.8 MPH)
|
|
Batting: RHB Jason Rhodes
|
0-0: Ball 1-0: Ground out U3 (Groundball, 34S, EV 85.6 MPH)
|
|
Batting: LHB Adrian Navarro
|
0-0: Ball 1-0: Called Strike 1-1: Ball 2-1: Called Strike 2-2: Strikes out swinging
|
| Bottom of the 1st over - 0 runs, 0 hits, 0 errors, 0 left on base; Washington State University 2 - University of Michigan 0 |
| TOP OF THE 2ND |
|
Washington State University Cougars batting - Pitching for University of Michigan Wolverines : RHP Aaron Frey
|
|
Batting: RHB Rich Griffith
|
0-0: Ball 1-0: Ground out 6-3 (Groundball, 6, EV 88.8 MPH)
|
|
Batting: RHB Wilson Salgado
|
0-0: Called Strike 0-1: Ball 1-1: Ball 2-1: Foul Ball, location: 2F 2-2: Fly out, F7 (Flyball, 7D, EV 95.0 MPH)
|
|
Batting: RHB Eric Kent
|
0-0: Called Strike 0-1: Ball 1-1: Ball 2-1: Foul Ball, location: 2F 2-2: Ground out U3 (Groundball, 34, EV 111.2 MPH)
|
| Top of the 2nd over - 0 runs, 0 hits, 0 errors, 0 left on base; Washington State University 2 - University of Michigan 0 |
| BOTTOM OF THE 2ND |
|
University of Michigan Wolverines batting - Pitching for Washington State University Cougars : RHP Tom Gordam
|
|
Batting: RHB Franklin Ortega
|
0-0: Ground out 5-3 (Groundball, 56, EV 84.4 MPH)
|
|
Batting: LHB Dave Cook
|
0-0: Ball 1-0: Foul Ball, location: 2F 1-1: Swinging Strike 1-2: Ball 2-2: Fly out, F8 (Flyball, 8RM, EV 95.6 MPH)
|
|
Batting: RHB Justin Young
|
0-0: Called Strike 0-1: Ball 1-1: Ball 2-1: Called Strike 2-2: DOUBLE (Line Drive, 89D, EV 113.1 MPH)
|
|
Batting: RHB Dave Guevara
|
0-0: Foul Ball, location: 2F 0-1: Ball 1-1: Ball 2-1: Ball 3-1: Called Strike 3-2: Foul Ball, location: 2F 3-2: Foul Ball, location: 2F 3-2: SINGLE (Groundball, 6MD, EV 101.9 MPH) Justin Young to third Runner from 3rd tries for Home, SAFE, throw by CF to home
|
|
Batting: RHB Jamie Broadhurst
|
0-0: Called Strike 0-1: Foul Ball, location: 2F 0-2: Ground out U3 (Groundball, 3, EV 104.4 MPH)
|
| Bottom of the 2nd over - 1 run, 2 hits, 0 errors, 1 left on base; Washington State University 2 - University of Michigan 1 |
| TOP OF THE 3RD |
|
Washington State University Cougars batting - Pitching for University of Michigan Wolverines : RHP Aaron Frey
|
|
Batting: RHB Leo Lopez
|
0-0: Called Strike 0-1: Swinging Strike 0-2: Strikes out looking
|
|
Batting: LHB Randolph Brodbeck
|
0-0: Ball 1-0: Fly out, F6 (Line Drive, 56, EV 64.4 MPH)
|
|
Batting: RHB Noe Oliva
|
0-0: Ground out 5-3 (Groundball, 5, EV 89.4 MPH)
|
| Top of the 3rd over - 0 runs, 0 hits, 0 errors, 0 left on base; Washington State University 2 - University of Michigan 1 |
| BOTTOM OF THE 3RD |
|
University of Michigan Wolverines batting - Pitching for Washington State University Cougars : RHP Tom Gordam
|
|
Batting: RHB Glen Limeburner
|
0-0: Called Strike 0-1: Foul Ball, location: 2F 0-2: Ball 1-2: Ball 2-2: Strikes out swinging
|
|
Batting: LHB Tony Olvera
|
0-0: Called Strike 0-1: SINGLE (Line Drive, 7S, EV 93.1 MPH)
|
|
Batting: RHB Jason Rhodes
|
0-0: Foul Ball, location: 2F 0-1: Ball 1-1: Foul Ball, location: 2F 1-2: SINGLE (Line Drive, 6M, EV 93.8 MPH) Tony Olvera to second Runner from 2nd tries for 3rd, SAFE, no throw by CF
|
|
Batting: LHB Adrian Navarro
|
0-0: Called Strike 0-1: Ball 1-1: Ball 2-1: Foul Ball, location: 2F 2-2: Grounds into double play, 4-6-3 (Groundball, 34D, EV 83.8 MPH)
|
| Bottom of the 3rd over - 0 runs, 2 hits, 0 errors, 1 left on base; Washington State University 2 - University of Michigan 1 |
| TOP OF THE 4TH |
|
Washington State University Cougars batting - Pitching for University of Michigan Wolverines : RHP Aaron Frey
|
|
Batting: RHB Jon Chatman
|
0-0: Foul Ball, location: 2F 0-1: Ball 1-1: Ball 2-1: Ball 3-1: Swinging Strike 3-2: Base on Balls
|
|
Batting: RHB Miguel Pacheco
|
0-0: Called Strike 0-1: Ball 1-1: Swinging Strike 1-2: Foul Ball, location: 2F 1-2: Ball 2-2: Ball 3-2: Foul Ball, location: 2F 3-2: Fly out, F8 (Line Drive, 89D, EV 106.9 MPH)
|
|
Batting: LHB Jeremy Rideout
|
0-0: Ball Jon Chatman steals 2nd base 1-0: Ball 2-0: Called Strike 2-1: Foul Ball, location: 2F 2-2: Foul Ball, location: 2F 2-2: Strikes out swinging
|
|
Batting: RHB Rich Griffith
|
0-0: Ball 1-0: Ball 2-0: Ball 3-0: Called Strike 3-1: Called Strike 3-2: Strikes out swinging
|
| Top of the 4th over - 0 runs, 0 hits, 0 errors, 1 left on base; Washington State University 2 - University of Michigan 1 |
| BOTTOM OF THE 4TH |
|
University of Michigan Wolverines batting - Pitching for Washington State University Cougars : RHP Tom Gordam
|
|
Batting: RHB Franklin Ortega
|
0-0: Fly out, F7 (Flyball, 7, EV 93.8 MPH)
|
|
Batting: LHB Dave Cook
|
0-0: Ball 1-0: Ball 2-0: Fly out, F9 (Flyball, 9S, EV 91.9 MPH)
|
|
Batting: RHB Justin Young
|
0-0: Called Strike 0-1: Ball 1-1: Swinging Strike 1-2: Fly out, F9 (Line Drive, 9S, EV 103.8 MPH)
|
| Bottom of the 4th over - 0 runs, 0 hits, 0 errors, 0 left on base; Washington State University 2 - University of Michigan 1 |
| TOP OF THE 5TH |
|
Washington State University Cougars batting - Pitching for University of Michigan Wolverines : RHP Aaron Frey
|
|
Batting: RHB Wilson Salgado
|
0-0: Ball 1-0: Ball 2-0: Bunt for hit to 15 - play at first, batter safe!
|
|
Batting: RHB Eric Kent
|
0-0: Ball Wild Pitch! Wilson Salgado to second 1-0: Ball 2-0: Called Strike 2-1: Ball 3-1: DOUBLE (Flyball, 89XD, EV 96.9 MPH) Wilson Salgado scores
|
|
Batting: RHB Leo Lopez
|
0-0: Called Strike 0-1: Ball 1-1: Ball 2-1: Swinging Strike 2-2: Reached on error, E6 (Groundball, 6S, EV 71.9 MPH) Eric Kent scores
|
|
Batting: LHB Randolph Brodbeck
|
0-0: Ground out U3 (Groundball, 23, EV 88.1 MPH) Leo Lopez to third
|
|
Batting: RHB Noe Oliva
|
0-0: Ground out 5-3 (Groundball, 56, EV 78.8 MPH) Leo Lopez scores
|
|
Batting: RHB Jon Chatman
|
0-0: Ball 1-0: Ball 2-0: Fly out, F9 (Flyball, 89S, EV 90.6 MPH)
|
| Top of the 5th over - 3 runs, 2 hits, 1 error, 0 left on base; Washington State University 5 - University of Michigan 1 |
| BOTTOM OF THE 5TH |
|
University of Michigan Wolverines batting - Pitching for Washington State University Cougars : RHP Tom Gordam
|
|
Batting: RHB Dave Guevara
|
0-0: Fly out, F9 (Flyball, 9D, EV 86.9 MPH)
|
|
Batting: RHB Jamie Broadhurst
|
0-0: Foul Ball, location: 2F 0-1: SINGLE (Groundball, 6MD, EV 96.2 MPH)
|
|
Batting: RHB Glen Limeburner
|
0-0: SINGLE (Line Drive, 9S, EV 105.6 MPH) Jamie Broadhurst to second
|
|
Batting: LHB Tony Olvera
|
0-0: Ball 1-0: Ball 2-0: SINGLE (Groundball, 3D, EV 97.5 MPH) Jamie Broadhurst to third Glen Limeburner to second Runner from 3rd tries for Home, SAFE, throw by RF to home
|
|
Batting: RHB Jason Rhodes
|
0-0: Ball 1-0: Foul Ball, location: 2F 1-1: Called Strike 1-2: SINGLE (Line Drive, 6D, EV 101.9 MPH) Glen Limeburner to third Tony Olvera to second
|
|
Batting: LHB Adrian Navarro
|
0-0: Ball 1-0: Called Strike 1-1: Called Strike 1-2: Strikes out swinging
|
|
Batting: RHB Franklin Ortega
|
0-0: Reached on error, E1 (Groundball, 15S, EV 74.4 MPH) Glen Limeburner scores Tony Olvera scores Jason Rhodes to third
|
|
Batting: LHB Dave Cook
|
0-0: Fly out, F4 (Popup, 4MD, EV 54.4 MPH)
|
| Bottom of the 5th over - 3 runs, 4 hits, 1 error, 2 left on base; Washington State University 5 - University of Michigan 4 |
| TOP OF THE 6TH |
|
Washington State University Cougars batting - Pitching for University of Michigan Wolverines : RHP Aaron Frey
|
|
Pitching: RHP Steve Child
|
|
|
Batting: RHB Miguel Pacheco
|
0-0: Called Strike 0-1: Ball 1-1: Ball 2-1: Ball 3-1: Ground out 4-3 (Groundball, 4, EV 102.5 MPH)
|
|
Batting: LHB Jeremy Rideout
|
0-0: Ball 1-0: Ball 2-0: SINGLE (Line Drive, 3D, EV 95.6 MPH)
|
|
Batting: RHB Rich Griffith
|
0-0: Called Strike 0-1: Ball 1-1: Swinging Strike 1-2: Foul Ball, location: 2F 1-2: Ball 2-2: Ball 3-2: Strikes out swinging
|
|
Batting: RHB Wilson Salgado
|
0-0: Ball 1-0: Called Strike 1-1: Ball 2-1: Ball 3-1: Swinging Strike 3-2: DOUBLE (Line Drive, 89XD, EV 101.2 MPH) Jeremy Rideout to third Jeremy Rideout scores
|
|
Batting: RHB Eric Kent
|
0-0: Swinging Strike 0-1: Ground out U3 (Groundball, 13, EV 85.6 MPH)
|
| Top of the 6th over - 1 run, 2 hits, 0 errors, 1 left on base; Washington State University 6 - University of Michigan 4 |
| BOTTOM OF THE 6TH |
|
University of Michigan Wolverines batting - Pitching for Washington State University Cougars : RHP Tom Gordam
|
|
Batting: RHB Justin Young
|
0-0: Called Strike 0-1: DOUBLE (Line Drive, 9LS, EV 111.9 MPH)
|
|
Batting: RHB Dave Guevara
|
0-0: Ball 1-0: Called Strike 1-1: Foul Ball, location: 2F 1-2: Reaches on Catchers interference
|
|
Batting: RHB Jamie Broadhurst
|
0-0: Ball 1-0: Sac Bunt to 23 - play at first, batter OUT! 3-4 Justin Young to third Dave Guevara to second
|
|
Pitching: RHP Willie Becerra
|
|
|
Batting: RHB Glen Limeburner
|
0-0: Swinging Strike 0-1: Swinging Strike 0-2: Ball 1-2: Strikes out swinging
|
|
Batting: LHB Tony Olvera
|
0-0: Called Strike 0-1: Ground out 4-3 (Groundball, 4, EV 80.6 MPH)
|
| Bottom of the 6th over - 0 runs, 1 hit, 1 error, 2 left on base; Washington State University 6 - University of Michigan 4 |
| TOP OF THE 7TH |
|
Washington State University Cougars batting - Pitching for University of Michigan Wolverines : RHP Steve Child
|
|
Pitching: RHP Marshall Laurence
|
|
|
Batting: RHB Leo Lopez
|
0-0: Called Strike 0-1: Foul Ball, location: 2F 0-2: Ball 1-2: SOLO HOME RUN (Flyball, 78XD, EV 99.4 MPH), Distance : 415 ft
|
|
Batting: LHB Randolph Brodbeck
|
0-0: Ball 1-0: Called Strike 1-1: Ground out 6-3 (Groundball, 6, EV 106.2 MPH)
|
|
Batting: RHB Noe Oliva
|
0-0: Called Strike 0-1: Fly out, F8 (Line Drive, 8LM, EV 92.5 MPH)
|
|
Batting: RHB Jon Chatman
|
0-0: Foul Ball, location: 2F 0-1: Swinging Strike 0-2: Strikes out swinging
|
| Top of the 7th over - 1 run, 1 hit, 0 errors, 0 left on base; Washington State University 7 - University of Michigan 4 |
| BOTTOM OF THE 7TH |
|
University of Michigan Wolverines batting - Pitching for Washington State University Cougars : RHP Willie Becerra
|
|
Batting: RHB Jason Rhodes
|
0-0: Ball 1-0: Ball 2-0: Ball 3-0: Called Strike 3-1: Called Strike 3-2: SOLO HOME RUN (Flyball, 7LD, EV 94.4 MPH), Distance : 336 ft
|
|
Batting: LHB Adrian Navarro
|
0-0: Called Strike 0-1: Called Strike 0-2: Foul Ball, location: 2F 0-2: Ball 1-2: Strikes out swinging
|
|
Batting: RHB Franklin Ortega
|
0-0: Foul Ball, location: 2F 0-1: SINGLE (Groundball, 56, EV 103.8 MPH)
|
|
Batting: LHB Dave Cook
|
0-0: DOUBLE (Line Drive, 78D, EV 112.5 MPH) Franklin Ortega to third Runner from 3rd tries for Home, SAFE, throw by LF to trailing runner, OUT at third! 7-3-5
|
|
Batting: RHB Justin Young
|
0-0: Called Strike 0-1: Called Strike 0-2: Ball 1-2: Foul Ball, location: 2F 1-2: Strikes out swinging
|
| Bottom of the 7th over - 2 runs, 3 hits, 0 errors, 0 left on base; Washington State University 7 - University of Michigan 6 |
| TOP OF THE 8TH |
|
Washington State University Cougars batting - Pitching for University of Michigan Wolverines : RHP Marshall Laurence
|
|
Pitching: LHP Armando Salas
|
|
|
Batting: RHB Miguel Pacheco
|
0-0: Ground out 3-1 (Groundball, 34, EV 79.4 MPH)
|
|
Batting: LHB Jeremy Rideout
|
0-0: Swinging Strike 0-1: Ball 1-1: Ball 2-1: Swinging Strike 2-2: Strikes out swinging
|
|
Batting: RHB Rich Griffith
|
0-0: Fly out, F8 (Flyball, 8LD, EV 95.6 MPH)
|
| Top of the 8th over - 0 runs, 0 hits, 0 errors, 0 left on base; Washington State University 7 - University of Michigan 6 |
| BOTTOM OF THE 8TH |
|
University of Michigan Wolverines batting - Pitching for Washington State University Cougars : RHP Willie Becerra
|
|
Batting: RHB Dave Guevara
|
0-0: Foul Ball, location: 2F 0-1: Called Strike 0-2: Ball 1-2: Ground out U3 (Groundball, 3, EV 79.4 MPH)
|
|
Batting: RHB Jamie Broadhurst
|
0-0: Called Strike 0-1: Ball 1-1: Called Strike 1-2: Ground out 4-3 (Groundball, 34S, EV 81.2 MPH)
|
|
Batting: RHB Glen Limeburner
|
0-0: Fly out, F3 (Line Drive, 34, EV 76.9 MPH)
|
| Bottom of the 8th over - 0 runs, 0 hits, 0 errors, 0 left on base; Washington State University 7 - University of Michigan 6 |
| TOP OF THE 9TH |
|
Washington State University Cougars batting - Pitching for University of Michigan Wolverines : LHP Armando Salas
|
|
Pitching: RHP Reginald Bamber
|
|
|
Batting: RHB Wilson Salgado
|
0-0: Ball 1-0: Swinging Strike 1-1: Called Strike 1-2: Foul Ball, location: 2F 1-2: Ball 2-2: Ground out 4-3 (Groundball, 4, EV 85.6 MPH)
|
|
Pinch Hitting: RHB Camillo Bonauiti
|
0-0: Called Strike 0-1: Called Strike 0-2: Ball 1-2: Reached on error, E4 (Groundball, 34, EV 105.6 MPH)
|
|
Batting: RHB Leo Lopez
|
0-0: Called Strike 0-1: Called Strike 0-2: Strikes out swinging
|
|
Batting: LHB Randolph Brodbeck
|
0-0: Ball 1-0: Ball 2-0: Ground out 4-3 (Groundball, 34S, EV 83.8 MPH)
|
| Top of the 9th over - 0 runs, 0 hits, 1 error, 1 left on base; Washington State University 7 - University of Michigan 6 |
| BOTTOM OF THE 9TH |
|
University of Michigan Wolverines batting - Pitching for Washington State University Cougars : RHP Willie Becerra
|
|
Pitching: LHP Travis Joyal
|
|
|
Now at 3B: Luis Mendoza
|
|
|
Batting: LHB Tony Olvera
|
0-0: Ball 1-0: Called Strike 1-1: Called Strike 1-2: Ball 2-2: Foul Ball, location: 2F 2-2: Strikes out swinging
|
|
Batting: RHB Jason Rhodes
|
0-0: Called Strike 0-1: SINGLE (Line Drive, 8RS, EV 104.4 MPH)
|
|
Batting: LHB Adrian Navarro
|
0-0: Foul Ball, location: 2F 0-1: Ball 1-1: Ground out 6-3 (Groundball, 6S, EV 70.6 MPH) Jason Rhodes to second
|
|
Batting: RHB Franklin Ortega
|
0-0: Swinging Strike 0-1: Fly out, F8 (Flyball, 78D, EV 101.2 MPH)
|
| Bottom of the 9th over - 0 runs, 1 hit, 0 errors, 1 left on base; Washington State University 7 - University of Michigan 6 |
|